 Dungeon Crawl Stone Soup version 0.19-a0-1886-gd64a0f0 (console) character file.

615 ChaseSP the Spear-Bearer (level 7, 0/50 HPs)
             Began as a Merfolk Gladiator on Oct 17, 2016.
             Slain by a centaur (8 damage)
             ... on level 5 of the Dungeon.
             The game lasted 00:09:03 (3342 turns).

ChaseSP the Spear-Bearer (Merfolk Gladiator)        Turns: 3342, Time: 00:09:03

Health: 0/50       AC:  9    Str: 15    XL:     7   Next: 45%
Magic:  7/7        EV: 11    Int:  7    God:
Gold:   213        SH:  0    Dex: 17    Spells: 0 memorised, 6 levels left

rFire  . . .     SeeInvis .     a - +0 trident
rCold  . . .     Gourm    .     n - +1 scale mail {rPois}
rNeg   . . .     Faith    .     (no shield)
rPois  +         Spirit   .     c - +1 helmet
rElec  .         Dismiss  .     (no cloak)
rCorr  .         Reflect  .     (no gloves)
MR     .....     Harm     .     (no boots)
Stlth  ..........               (no amulet)
                                (no ring)
                                q - ring of poison resistance

@: no status effects
A: change form in water, swift swim, stealthy swim
a: no special abilities


You were on level 5 of the Dungeon.
You were not hungry.

You visited 2 branches of the dungeon, and saw 6 of its levels.

You collected 213 gold pieces.

Inventory:

Hand Weapons
 a - a +0 trident (weapon)
Missiles
 d - 3 throwing nets (quivered)
Armour
 c - a +1 helmet (worn)
 n - a +1 scale mail of poison resistance (worn)
Jewellery
 q - a ring of poison resistance (left hand)
Wands
 G - a wand of teleportation (1/9)
 H - a wand of heal wounds (2/9)
Scrolls
 e - 2 scrolls of enchant armour
 g - 2 scrolls of remove curse {unknown}
 o - a scroll of identify
 r - 2 scrolls of teleportation {unknown}
 t - 3 scrolls of magic mapping
 u - 4 scrolls of noise {unknown}
 E - 4 scrolls of enchant weapon {unknown}
Potions
 b - a potion of agility {unknown}
 h - 4 potions of heal wounds
 j - 3 potions of degeneration {unknown}
 l - a potion of berserk rage {unknown}
 m - a potion of lignification {unknown}
 p - a potion of ambrosia {unknown}
 s - 3 potions of curing
 x - 3 potions of flight
 z - a potion of haste {unknown}
 A - a potion of invisibility {unknown}
 B - a potion of cancellation {unknown}
 C - a potion of magic {unknown}
Books
 v - a book of Misfortune

   Spells                             Type                      Level
   a - Confusing Touch                Hexes                        1
   b - Confuse                        Hexes                        3
   c - Gell's Gravitas                Hexes/Translocation          3
   d - Petrify                        Transmutation/Earth          4
   e - Metabolic Englaciation         Hexes/Ice                    5
   f - Yara's Violent Unravelling     Hexes/Transmutation          5
 w - a book of Minor Magic

   Spells                             Type                      Level
   a - Magic Dart                     Conjuration                  1
   b - Blink                          Translocation                2
   c - Call Imp                       Summoning                    2
   d - Repel Missiles                 Charms/Air                   2
   e - Slow                           Hexes                        2
   f - Conjure Flame                  Conjuration/Fire             3
   g - Mephitic Cloud                 Conjuration/Poison/Air       3
 y - Sif Muna's Tome of Calling
   (You found it on level 3 of the Dungeon)

   Spells                             Type                      Level
   a - Summon Small Mammal            Summoning                    1
 D - a book of Conjurations

   Spells                             Type                      Level
   a - Magic Dart                     Conjuration                  1
   b - Searing Ray                    Conjuration                  2
   c - Dazzling Spray                 Conjuration/Hexes            3
   d - Fulminant Prism                Conjuration/Hexes            4
   e - Iskenderun's Mystic Blast      Conjuration                  4
   f - Iskenderun's Battlesphere      Conjuration/Charms           5
Comestibles
 f - 6 bread rations
 k - 3 meat rations


   Skills:
 - Level 2.1 Fighting
 + Level 11.7 Polearms
 - Level 2.0 Throwing
 - Level 4.0 Dodging


You had 6 spell levels left.
You didn't know any spells.

Dungeon Overview and Level Annotations

Branches:
Dungeon (5/15)             Temple (1/1) D:4

Altars:
Ashenzari
Cheibriados
Dithmenos
Elyvilon
Fedhas
Gozag
Hepliaklqana
Kikubaaqudgha
Makhleb
Nemelex Xobeh
Qazlal
Ru
Sif Muna
Trog
Vehumet
Xom
Yredelemnul
Zin
The Shining One

Annotations:
D:4 Eustachio


Message History

The centaur is heavily wounded.
The centaur hits you but does no damage.
You puncture the centaur!
The centaur is almost dead.
The centaur completely misses you.
You hit the centaur.
The centaur is almost dead.
The centaur hits you.
* * * LOW HITPOINT WARNING * * *
You are too injured to fight recklessly!
You are too injured to fight recklessly!
You hit the centaur but do no damage.
The centaur is almost dead.
The centaur hits you but does no damage.
You hit the centaur but do no damage.
The centaur is almost dead.
The centaur hits you.
* * * LOW HITPOINT WARNING * * *
The centaur hits you!
You die...

.#.....#######.########.#####....
##############.# #.#####.###
............##.# #..........
...#...#...###.##############.###
.......c.......#............#...#
...#(..#.c.#####.########...#.#.#
...%.(((..(.(.(.............#....
################c###.####.#.#.#.#
#@# #.# #...#.(.# ... #.# #.# #.#
#...#.### ... ##.# #####.###.#
#...#.#.. ... ##..# #.......#.#
#.#.#.... ...###...###.#######.#
#.#.#.#.# ...#≈≈...≈≈#.........#
#.#...... ...#≈..♣..≈#..########
#.#.#.#.# ..............#
#.#.#.#.# #...♣(_.♣....#
#.......#


You could see a centaur.

Vanquished Creatures
  Grinder (D:5)
  Menkaure (D:5)
  A scorpion (D:4)
  A centaur skeleton (D:4)
  Natasha (thrice) (D:4)
  A worker ant (D:5)
  8 adders
  An adder skeleton (D:4)
  A dart slug (D:2)
  A leopard gecko (D:3)
  5 bats
  3 giant cockroaches
  8 goblins
  7 hobgoblins
  A quokka (D:3)
  2 frilled lizards
  5 kobolds
  A quokka skeleton (D:3)
  4 rats
55 creatures vanquished.

Notes
Turn   | Place    | Note
-------+----------+-------------------------------------------
     0 | D:1      | ChaseSP the Merfolk Gladiator began the quest for the Orb.
     0 | D:1      | Reached XP level 1. HP: 16/16 MP: 1/1
    66 | D:1      | Reached skill level 5 in Polearms
   113 | D:1      | Reached XP level 2. HP: 18/22 MP: 2/2
   811 | D:2      | Reached skill level 6 in Polearms
   811 | D:2      | Reached XP level 3. HP: 16/27 MP: 3/3
  1285 | D:2      | Found a glowing golden altar of the Shining One.
  1343 | D:3      | Reached skill level 7 in Polearms
  1343 | D:3      | Reached XP level 4. HP: 33/33 MP: 4/4
  1574 | D:3      | Found a hazy altar of Hepliaklqana.
  1683 | D:3      | Found an ancient bone altar of Kikubaaqudgha.
  1683 | D:3      | Found a deep blue altar of Sif Muna.
  1685 | D:3      | Found a radiant altar of Vehumet.
  1691 | D:3      | Identified Sif Muna's Tome of Calling
  2196 | D:4      | Noticed Natasha
  2203 | D:4      | Killed Natasha
  2203 | D:4      | Reached skill level 8 in Polearms
  2203 | D:4      | Reached XP level 5. HP: 38/38 MP: 5/5
  2233 | D:4      | Noticed Natasha
  2238 | D:4      | Killed Natasha
  2280 | D:4      | Noticed Natasha
  2287 | D:4      | Killed Natasha
  2303 | D:4      | Found a staircase to the Ecumenical Temple.
  2309 | Temple   | Entered the Ecumenical Temple
  2576 | D:4      | Noticed Eustachio
  2603 | D:4      | Reached skill level 9 in Polearms
  2603 | D:4      | Reached XP level 6. HP: 29/44 MP: 6/6
  2669 | D:5      | Entered Level 5 of the Dungeon
  2907 | D:5      | Noticed Grinder
  2917 | D:5      | Paralysed by Grinder for 5 turns
  2926 | D:5      | Killed Grinder
  2926 | D:5      | Reached skill level 10 in Polearms
  2926 | D:5      | Reached XP level 7. HP: 37/50 MP: 7/7
  3019 | D:5      | Reached skill level 11 in Polearms
  3126 | D:5      | Found a white marble altar of Elyvilon.
  3194 | D:5      | Noticed Menkaure
  3210 | D:5      | Killed Menkaure
  3342 | D:5      | Slain by a centaur

Vault maps used:
D:1:      dpeg_arrival_rooms_with_view
D:2:      tso_oasis_becter
D:3:      grunt_temple_overflow_magic_moments, marbit_many_paths,
          kennysheep_generic_room_13
D:4:      uniq_eustachio, uniq_robin, uniq_natasha
D:5:      elyvilon_altar_4, lemuel_coloured_pillars_altar, first_bread,
          nicolae_sextant, uniq_menkaure, uniq_grinder
Temple:   oiseaux_autumnal_temple

Skill      XL: |  1  2  3  4  5  6  7 |
---------------+----------------------+-----
Polearms       | 5 6 7 8 9 10 11 | 11.7
Fighting       | |  2.1
Throwing       | |  2.0
Dodging        | |  4.0

Action                   |  1- 3 |  4- 6 |  7- 9 || total
-------------------------+-------+-------+-------++-------
Melee: Trident           |    87 |   184 |    41 ||   312
Evoke: Wand              |       |       |     1 ||     1
  Use: Scroll            |     2 |     5 |       ||     7
 Stab: Sleeping          |     1 |       |       ||     1
       Distracted        |     1 |       |       ||     1
  Eat: Chunk             |     1 |     4 |     1 ||     6
       Royal jelly       |       |     1 |       ||     1
Armor: Leather armour    |     4 |       |       ||     4
       Ring mail         |    14 |    17 |       ||    31
       Scale mail        |       |    94 |    10 ||   104
Dodge: Dodged            |    33 |   135 |    14 ||   182
